 Dungeon Crawl Stone Soup version 0.31.0-11-ge490571c62 (webtiles) character file.

Game seed: 2975751212023844500

21 shadowrider38 the Trooper (level 2, -1/27 HPs)
             Began as a Minotaur Brigand on Jan 27, 2024.
             Asphyxiated
             ... on level 1 of the Dungeon.
             The game lasted 00:02:35 (588 turns).

shadowrider38 the Trooper (Minotaur Brigand)         Turns: 588, Time: 00:02:36

Health: -1/27      AC:  3    Str: 15    XL:     2   Next: 62%
Magic:  1/1        EV: 11    Int:  8    God:
Gold:   38         SH:  0    Dex: 11    Spells: 1/1 levels left

rFire   . . .        a - +2 dagger
rCold   . . .        (no shield)
rNeg    . . .        b - +0 robe
rPois   .            (helmet restricted)
rElec   .            c - +0 cloak
rCorr   .            (no gloves)
SInv    .            (no boots)
Will    .....        (no amulet)
Stlth   ++           (no ring)
HPRegen 0.24/turn    (no ring)
MPRegen 0.07/turn

%: no passive effects
@: lethally poisoned (-1 -> -25), slowed, very slow
A: horns 2, retaliatory headbutt
a: no special abilities


You were on level 1 of the Dungeon.
You visited 1 branch of the dungeon, and saw 1 of its levels.

You collected 38 gold pieces.

Inventory:

Hand Weapons
 a - a +2 dagger (weapon)
Missiles
 j - 8 stones (quivered)
 k - 9 poisoned darts
 F - 3 curare-tipped darts
Armour
 b - a +0 robe (worn)
 c - a +0 cloak (worn)
Scrolls
 g - a scroll of noise {unknown}
Potions
 d - a potion of might {unknown}
 e - a potion of haste {unknown}
 f - a potion of curing {unknown}


   Skills:
 - Level 4.0 Fighting
 - Level 2.1 Short Blades
 - Level 2.0 Throwing
 + Level 1.1 Dodging
 - Level 3.2 Stealth


You had one spell level left.
You didn't know any spells.
Your spell library was empty.

Dungeon Overview and Level Annotations

Branches:
Dungeon (1/15) Zot: 5414

Altars:


Innate Abilities, Weirdness & Mutations

You have a pair of horns on your head.
You reflexively headbutt those who attack you in melee.


Message History

j - 11 stones (gained 7)
A bat comes into view.
Found 10 gold pieces and a fuming brown potion.
The bat hits you but does no damage.
You closely miss the bat. The bat barely misses you.
The bat hits you but does no damage. The bat barely misses you.
You hit the bat. You headbutt the bat.
You kill the bat!
Training target 4.0 for Fighting reached!
Your Fighting skill increases to level 4!
You need to enable at least one skill for training.
Unknown command.
f - a fuming brown potion You now have 38 gold pieces (gained 10).
g - a scroll labelled LUKONG CILIW
There is a stone staircase leading down here.
Unknown command.
You see here a frilled lizard skeleton.
Throw: 11 stones
Press: ? - help, Q - select action Shift-Dir - straight line, f - goblin
Aim: a goblin, wielding a +0 dagger (wandering, hasn't noticed you, 47% to hit)
You throw a stone. The stone barely misses the goblin.
You hit the goblin.
The goblin is moderately wounded.
The goblin closely misses you.
You hit the goblin.
You kill the goblin!
Things that are here:
a +0 dagger; a +0 dagger; a goblin corpse A hobgoblin is nearby!
Throw: 10 stones
Press: ? - help, Q - select action Shift-Dir - straight line, f - hobgoblin
Aim: a hobgoblin, quivering curare-tipped darts (wandering, hasn't noticed you, 56% to hit)
You throw a stone. The stone barely misses the hobgoblin.
The hobgoblin shouts!
The hobgoblin throws a curare-tipped dart.
The curare-tipped dart hits you.
You are poisoned.
You have difficulty breathing.
You feel yourself slow down.
Throw: 9 stones
Press: ? - help, Q - select action Shift-Dir - straight line, f/p - hobgoblin
Aim: a hobgoblin, quivering curare-tipped darts (56% to hit)
You throw a stone. The stone barely misses the hobgoblin.
You feel extremely sick.
The hobgoblin throws a curare-tipped dart.
The curare-tipped dart hits you.
You are more poisoned.
You have difficulty breathing.
You die...

##..#.###.##.....
##..#.# #.###....
#..##.# #........
####..##.# ########.
#.....##.# ########.
#....)##.###..).....
#....÷##.....######.
###.......##########
##@.#..............
#...#÷###.#########
#...#.# #..#### #
#..>#.# ##....#####
#...#)######.......
#..............####
#..g#.########.#
#...#... .#
#!!.#..... .


You could see a hobgoblin.

Vanquished Creatures
  A dart slug (D:1)
  3 endoplasms (D:1)
  A giant cockroach (D:1)
  4 goblins (D:1)
  2 quokkas (D:1)
  2 bats (D:1)
  3 frilled lizards (D:1)
  2 rats (D:1)
18 creatures vanquished.

Notes
Turn   | Place    | Note
-------+----------+-------------------------------------------
     0 | D:1      | shadowrider38 the Minotaur Brigand began the quest for the
                  | Orb.
     0 | D:1      | Reached XP level 1. HP: 18/18 MP: 0/0
   152 | D:1      | Reached skill level 3 in Fighting
   188 | D:1      | Reached XP level 2. HP: 17/26 MP: 1/1
   534 | D:1      | Reached skill level 4 in Fighting
   588 | D:1      | Asphyxiated

Illustrated notes

Levels and vault maps discovered:
D:1:      dpeg_arrival_ternary, layout_rooms, hellmonk_ecumenical_altar_run_dry,
          serial_bayou_pond_b

Skill      XL: |  1  2 |
---------------+-------+-----
Fighting       | 3 4 |  4.0
Short Blades   | |  2.1
Throwing       | |  2.0
Dodging        | |  1.1
Stealth        | |  3.2

Action                     || total
---------------------------++-------
  Melee: Dagger            ||    34
         Headbutt          ||    10
  Throw: Stone             ||     3
   Stab: Distracted        ||     1
         Sleeping          ||     1
 Armour: Robe              ||    18
  Dodge: Dodged            ||    11
